 Dungeon Crawl Stone Soup version 0.20.0-4-g10b340a (webtiles) character file.

7 Monsterracer the Ruffian (level 2, -3/25 HPs)
             Began as a Naga Transmuter on May 27, 2017.
             Slain by a hobgoblin
             ... wielding a +0 club
              (5 damage)
             ... on level 1 of the Dungeon.
             The game lasted 00:00:25 (290 turns).

Monsterracer the Ruffian (Naga Transmuter)           Turns: 290, Time: 00:00:26

Health: -3/25      AC:  1    Str: 12    XL:     2   Next: 4%
Magic:  3/4        EV: 10    Int: 13    God:
Gold:   0          SH:  0    Dex: 11    Spells: 4/5 levels left

rFire    + . .     SeeInvis +     - Unarmed
rCold    . . .     Gourm    .   (no shield)
rNeg     . . .     Faith    .   b - +0 robe
rPois    +         Spirit   .   (no helmet)
rElec    .         Reflect  .   (no cloak)
rCorr    .         Harm     .   (no gloves)
MR       +....     Rnd*Tele +   (no barding)
Stlth    +.........             (no amulet)
Regen    0.1/turn               (no ring)
MPRegen  0.1/turn               (no ring)

@: appendage (expiring), very slow
A: horns 2, see invisible, deformed body, fire resistance 1, low mp 1, magic
resistance 1, poison resistance, slowness 2, slow metabolism 1, spit poison 1,
teleportitis 1, AC +0
a: Spit Poison, End Transformation


You were on level 1 of the Dungeon.
You were not hungry.
You had grown temporary horns.
You visited 1 branch of the dungeon, and saw 1 of its levels.

Inventory:

Missiles
 a - 12 arrows
Armour
 b - a +0 robe (worn)
Books
 c - a book of Changes

   Spells                             Type                      Level
   a - Beastly Appendage              Transmutation                1
   b - Sticks to Snakes               Transmutation                2
   c - Spider Form                    Transmutation/Poison         3
   d - Ice Form                       Ice/Transmutation            4
   e - Blade Hands                    Transmutation                5
Comestibles
 d - a bread ration
 f - a royal jelly


   Skills:
 - Level 1.0 Fighting
 - Level 1.5 Dodging
 * Level 3.5 Unarmed Combat
 - Level 2.0 Spellcasting
 - Level 2.0 Transmutations


You had 4 spell levels left.
You knew the following spells:

 Your Spells              Type           Power        Failure   Level  Hunger
a - Beastly Appendage     Tmut           #.....       11%         1    ##.....


Dungeon Overview and Level Annotations

Branches:
Dungeon (1/15)

Altars:


Innate Abilities, Weirdness & Mutations

You cannot wear boots.
Your serpentine skin is tough. (AC +0)
You have supernaturally acute eyesight. (SInv)
Armour fits poorly on your strangely shaped body.
Your system is resistant to poisons. (rPois)
You cover ground very slowly.
You have a slow metabolism.
You can spit poison.
You have a pair of horns on your head.
Your flesh is heat resistant. (rF+)
Your magical capacity is low. (-10% MP)
You are resistant to hostile enchantments. (MR+)
You are occasionally teleported next to monsters.


Message History

Your transformation is almost over.
The hobgoblin hits you but does no damage.
The frilled lizard bites you.
You closely miss the hobgoblin.
The hobgoblin is almost dead.
The hobgoblin closely misses you. The frilled lizard closely misses you.
You hit the hobgoblin but do no damage.
The hobgoblin is almost dead.
The hobgoblin hits you with a club.
* * * LOW HITPOINT WARNING * * *
The frilled lizard barely misses you.
You hit the hobgoblin but do no damage.
The hobgoblin is almost dead.
The hobgoblin hits you with a club.
* * * LOW HITPOINT WARNING * * *
The frilled lizard barely misses you.
You hit the hobgoblin but do no damage. Your punch misses the hobgoblin.
The hobgoblin is almost dead.
The hobgoblin hits you with a club.
You die...

...#.....#####...#
.........#####'###
#........#........
#......# #........
#......# #..⌠...⌠.
##.....# #........
#......# +....<...
#......##.#........
#.@.......#..⌠...⌠.
#...lg......##........
...............#........
............##.#####+###
............#
........##### ........#
......###


You could see a hobgoblin and a frilled lizard.

Vanquished Creatures
  A leopard gecko (D:1)
  A goblin (D:1)
  A hobgoblin (D:1)
  A kobold (D:1)
  A ball python (D:1)
  A rat (D:1)
6 creatures vanquished.

Notes
Turn   | Place    | Note
-------+----------+-------------------------------------------
     0 | D:1      | Monsterracer the Naga Transmuter began the quest for the Orb.
     0 | D:1      | Reached XP level 1. HP: 18/18 MP: 3/3
   184 | D:1      | Gained mutation: You are resistant to hostile enchantments. (MR+) [potion of mutation]
   184 | D:1      | Gained mutation: Your magical capacity is low. (-10% MP) [potion of mutation]
   184 | D:1      | Gained mutation: You are occasionally teleported next to monsters. [potion of mutation]
   184 | D:1      | Gained mutation: Your flesh is heat resistant. (rF+) [potion of mutation]
   196 | D:1      | Reached XP level 2. HP: 15/25 MP: 2/4
   290 | D:1      | Slain by a hobgoblin

Action                   || total
-------------------------++-------
Melee: Unarmed           ||    26
 Cast: Beastly Appendage ||     2
  Use: Potion            ||     1
Armor: Robe              ||     1
Dodge: Dodged            ||    14
